 Dungeon Crawl Stone Soup version 0.17.1-3-g152610e (webtiles) character file.

13 hannobal the Stinger (level 2, -1/11 HPs)
             Began as a Felid Venom Mage on Apr 17, 2016.
             Slain by a jackal (2 damage)
             ... on level 1 of the Dungeon.
             The game lasted 00:03:32 (721 turns).

hannobal the Stinger (Felid Venom Mage)              Turns: 721, Time: 00:03:32

Health: -1/11      AC:  1    Str:  4    XL:     2   Next: 24%
Magic:  0/6        EV: 15    Int: 16    God:
Gold:   30         SH:  0    Dex: 16    Spells: 1 memorised, 4 levels left
                                        Lives:  0   Deaths: 0

rFire  . . .     SeeInvis +     (weapon unavailable)
rCold  . . .     Clarity  .     (armour unavailable)
rNeg   . . .     SustAt   .     (shield unavailable)
rPois  .         Gourm    .     (helmet unavailable)
rElec  .         Spirit   .     (cloak unavailable)
rCorr  .         Warding  .     (gloves unavailable)
rMut   .         Stasis   .     (boots unavailable)
MR     .....                    (no amulet)
Stlth  +++.......               (no ring)
                                c - -3 ring of evasion (curse)

@: very slightly contaminated, quick, not resistant to hostile enchantments,
fairly stealthy
A: no armour, no weapons or thrown items, claws 1, fangs 3, see invisible,
carnivore 3, speed 1, shaggy fur 1, slow metabolism 1, sharp paws
a: no special abilities


You were on level 1 of the Dungeon.
You were very full.

You visited 1 branch of the dungeon, and saw 1 of its levels.

You collected 30 gold pieces.

Inventory:

Jewellery
 c - a cursed -3 ring of evasion (left paw)
Scrolls
 d - a scroll of identify
Potions
 e - a potion of agility
Books
 a - a Young Poisoner's Handbook

   Spells                             Type                      Level
   a - Sting                          Conjuration/Poison           1
   b - Cure Poison                    Poison                       2
   c - Mephitic Cloud                 Conjuration/Poison/Air       3
   d - Olgreb's Toxic Radiance        Poison                       4
   e - Venom Bolt                     Conjuration/Poison           5
Comestibles
 b - 3 meat rations
 f - a chunk of flesh


   Skills:
 - Level 2.6 Dodging
 - Level 2.6 Stealth
 - Level 2.0 Spellcasting
 + Level 1.7 Conjurations
 - Level 3.6 Poison Magic


You had 4 spell levels left.
You knew the following spells:

 Your Spells              Type           Power        Failure   Level  Hunger
z - Sting                 Conj/Pois      ##..         10%         1    #......


Dungeon Overview and Level Annotations

Branches:
Dungeon (1/15)

Altars:


Innate Abilities, Weirdness & Mutations

You cannot wear armour.
You are incapable of wielding weapons or throwing items.
You have sharp claws.
You have razor-sharp teeth.
You have supernaturally acute eyesight.
You are carnivorous and can eat meat at any time.
You cover ground quickly.
You are covered in fur (AC +1).
You have a slow metabolism.
Your sharp claws are effective at attacking unaware monsters.


Message History

The jackal closely misses you.
You see here a jackal corpse.
The jackal bites you.
* * * LOW HITPOINT WARNING * * *
Casting: Sting
Confirm with . or Enter, or press ? or * to list all spells.
Aiming: Sting
Press: ? - help, Shift-Dir - straight line, f/p - jackal
Aim: a jackal
Okay, then.
Casting: Sting
Confirm with . or Enter, or press ? or * to list all spells.
Aiming: Sting
Press: ? - help, Shift-Dir - straight line, f/p - jackal
Aim: a jackal You miscast Sting.
You are very lightly contaminated with residual magic.
Nothing appears to happen.
The jackal completely misses you. The jackal bites you.
You die...

.........# ## .........# #.
.........# #. .........# #.
.>...+ .........# #. )....#
.........# ## ...... #+######.##
###### .(...# #####.######.##
#....# ..h..#
#.....hh@.)...######....# ....†#
#.###..#####..#.........#
.....####+####.#####..#.........#
#........###.....†..#.........#
#..........................((.'
#.......)..........##.........#
####..........................#
#........#.................#
######..÷######.................#


You could see 2 jackals.

Vanquished Creatures
  A bat (D:1)
  A goblin (D:1)
  A hobgoblin (D:1)
  2 jackals (D:1)
  2 kobolds (D:1)
  A ball python (D:1)
  A giant gecko (D:1)
  2 giant newts (D:1)
  A rat (D:1)
12 creatures vanquished.

Notes
Turn   | Place    | Note
--------------------------------------------------------------
     0 | D:1      | hannobal the Felid Venom Mage began the quest for the Orb.
     0 | D:1      | Reached XP level 1. HP: 7/7 MP: 4/4
   302 | D:1      | Reached skill level 1 in Conjurations
   542 | D:1      | Reached XP level 2. HP: 11/11 MP: 3/6
   721 | D:1      | Slain by a jackal

Action                   || total
-------------------------++-------
Melee: Unarmed           ||     3
 Cast: Sting             ||    40
  Use: Scroll            ||     2
       Potion            ||     2
  Eat: Chunk             ||     7
